 Dungeon Crawl Stone Soup version 0.21.0-3-g78d12a8 (webtiles) character file.

38 tidbits the Sneak (level 3, 0/18 HPs)
             Began as a Vine Stalker Wizard on Jan 11, 2018.
             Slain by a kobold (3 damage)
             ... on level 1 of the Dungeon.
             The game lasted 00:04:29 (590 turns).

tidbits the Sneak (Vine Stalker Wizard)              Turns: 590, Time: 00:04:30

Health: 0/18       AC:  2    Str: 10    XL:     3   Next: 43%
Magic:  0/8        EV: 12    Int: 18    God:
Gold:   27         SH:  0    Dex: 12    Spells: 7/8 levels left

rFire    . . .     SeeInvis .   a - +0 dagger
rCold    . . .     Gourm    .   (no shield)
rNeg     . . .     Faith    .   e - +0 robe
rPois    .         Spirit   +   b - +0 hat
rElec    .         Reflect  .   (no cloak)
rCorr    .         Harm     .   (no gloves)
MR       .....                  (no boots)
Stlth    ++........             (no amulet)
HPRegen  0.06/turn              (no ring)
MPRegen  0.11/turn              (no ring)

@: no status effects
A: fangs 2, magic shield, antimagic bite, no potion heal 3, rot immunity
a: no special abilities


You were on level 1 of the Dungeon.
You were not hungry.

You visited 1 branch of the dungeon, and saw 2 of its levels.

You collected 27 gold pieces.

Inventory:

Hand Weapons
 a - a +0 dagger (weapon)
 f - a +0 short sword
Missiles
 i - 16 arrows
Armour
 b - a +0 hat (worn)
 e - a +0 robe (worn)
Potions
 g - a potion of flight
 j - a potion of heal wounds {unknown}
Books
 c - a book of Minor Magic

   Spells                             Type                      Level
   a - Magic Dart                     Conjuration                  1
   b - Blink                          Translocation                2
   c - Call Imp                       Summoning                    2
   d - Slow                           Hexes                        2
   e - Conjure Flame                  Conjuration/Fire             3
   f - Mephitic Cloud                 Conjuration/Poison/Air       3
Comestibles
 d - a ration


   Skills:
 + Level 1.3 Fighting
 + Level 1.2 Short Blades
 - Level 1.5 Dodging
 + Level 3.4 Stealth
 - Level 3.2 Spellcasting
 - Level 1.0 Conjurations
   Level 1.0 Summonings
   Level 1.0 Translocations


You had 7 spell levels left.
You knew the following spells:

 Your Spells              Type           Power        Failure   Level  Hunger
a - Magic Dart            Conj           #...         11%         1    None


Dungeon Overview and Level Annotations

Branches:
Dungeon (2/15)

Altars:


Innate Abilities, Weirdness & Mutations

You have extremely sharp teeth.
When hurt, damage is shared between your health and your magic reserves.
Your bite disrupts and absorbs the magic of your enemies.
Potions cannot restore your health.
You are immune to rotting.


Message History

Casting: Magic Dart
Confirm with . or Enter, or press ? or * to list all spells.
You don't have enough magic to cast that spell.
You hit the dart slug.
You kill the dart slug!
The rat bites you.
* * * LOW HITPOINT WARNING * * *
The frilled lizard hisses angrily.
You hit the rat. Your bite misses the rat.
The rat is moderately wounded.
The rat closely misses you.
You hit the rat.
You kill the rat!
There is an open door here.
Casting: Magic Dart
Confirm with . or Enter, or press ? or * to list all spells.
Aiming: Magic Dart
Press: ? - help, Shift-Dir - straight line, f - kobold
Aim: a kobold, wielding a short sword The magic dart hits the kobold.
The kobold is heavily wounded.
You closely miss the kobold. You bite the kobold, but do no damage.
The kobold is heavily wounded.
The kobold closely misses you. x2
You barely miss the kobold.
The kobold is heavily wounded.
The kobold hits you with a short sword.
* * * LOW HITPOINT WARNING * * *
Casting: Magic Dart
Confirm with . or Enter, or press ? or * to list all spells.
Aiming: Magic Dart
Press: ? - help, Shift-Dir - straight line, f/p - kobold
Aim: a kobold, wielding a short sword (heavily wounded)
You miscast Magic Dart.
Nothing appears to happen.
The kobold closely misses you.
Casting: Magic Dart
Confirm with . or Enter, or press ? or * to list all spells.
You don't have enough magic to cast that spell.
You hit the kobold but do no damage.
The kobold is heavily wounded.
The kobold barely misses you.
You hit the kobold.
You kill the kobold!
You hit the frilled lizard.
The frilled lizard is heavily wounded.
The frilled lizard bites you.
* * * LOW HITPOINT WARNING * * *
You hit the frilled lizard.
You kill the frilled lizard!
You open the door.
A kobold comes into view.
You close the door.
Things that are here:
a short sword; a frilled lizard corpse You open the door.
Casting: Magic Dart
Confirm with . or Enter, or press ? or * to list all spells.
Aiming: Magic Dart
Press: ? - help, Shift-Dir - straight line, f - kobold
Aim: a kobold (resting)
The magic dart hits the kobold.
The kobold is moderately wounded.
The kobold shouts!
The kobold throws a stone.
The stone barely misses you.
Casting: Magic Dart
Confirm with . or Enter, or press ? or * to list all spells.
You don't have enough magic to cast that spell.
You close the door.
Things that are here:
a stone; a short sword; a frilled lizard corpse You see here a club.
Wield which item (- for none, * to show all)? (? for menu, Esc to quit)
c - a book of Minor Magic (in hand)
You swing at nothing.
You swing at nothing.
You swing at nothing.
You swing at nothing.
The kobold closely misses you.
Wield which item (- for none, * to show all)? (? for menu, Esc to quit)
a - a +0 dagger (weapon)
You miss the kobold.
The kobold is moderately wounded.
The kobold closely misses you.
You hit the kobold but do no damage.
The kobold is moderately wounded.
The kobold hits you.
* * * LOW HITPOINT WARNING * * *
Your magical contamination has completely faded away.
Casting: Magic Dart
Confirm with . or Enter, or press ? or * to list all spells.
Aiming: Magic Dart
Press: ? - help, Shift-Dir - straight line, f/p - kobold
Aim: a kobold (moderately wounded)
The magic dart hits the kobold.
The kobold is severely wounded.
The kobold hits you.
* * * LOW HITPOINT WARNING * * *
You barely miss the kobold.
The kobold is severely wounded.
The kobold hits you.
You die...

#.......)..# #.## #.
#..........# #..# ##†
#..........# ##+###..
#..........####+####...##..
.......)...##§§.≈≈≈##..##..
%..........#§§....≈≈#..##..
......##'###≈..≈#§.≈##..##.
...... #.K.#§.###≈..'......
....## #(#@§§.≈###.§#......
.... #.###§..#≈..§#......
... #+# #≈≈....§§#...... ..
... ##≈≈≈.≈≈##...... .....
####'###....... .......
##.# #####'#. #.......#
#..#######... #....K..#
#.......###.. #.......#
#.......# #..


You could see a kobold.

Vanquished Creatures
  2 dart slugs
  2 leopard geckos (D:1)
  4 hobgoblins (D:1)
  7 kobolds (D:1)
  2 ball pythons (D:1)
  2 bats (D:1)
  4 frilled lizards
  5 goblins (D:1)
  4 rats
32 creatures vanquished.

Notes
Turn   | Place    | Note
-------+----------+-------------------------------------------
     0 | D:1      | tidbits the Vine Stalker Wizard began the quest for the Orb.
     0 | D:1      | Reached XP level 1. HP: 9/9 MP: 5/5
   196 | D:1      | Reached XP level 2. HP: 13/14 MP: 2/7
   231 | D:1      | Reached skill level 3 in Stealth
   264 | D:1      | Reached skill level 1 in Fighting
   385 | D:2      | Reached skill level 1 in Short Blades
   415 | D:1      | Reached XP level 3. HP: 15/18 MP: 2/8
   590 | D:1      | Slain by a kobold

Skill      XL: |  1  2 |
---------------+-------+-----
Stealth        | 3 |  3.4
Fighting       | 1 |  1.3
Short Blades   | 1 |  1.2
Dodging        | |  1.5
Spellcasting   | |  3.2
Conjurations   | |  1.0
Summonings     | |  1.0
Translocations | |  1.0

Action                   || total
-------------------------++-------
Melee: Dagger            ||    10
       Bite              ||     8
       Short sword       ||    44
 Cast: Magic Dart        ||    51
  Use: Scroll            ||     1
 Stab: Sleeping          ||     2
       Distracted        ||     1
Armor: Robe              ||    17
Dodge: Dodged            ||    39

Table legend:
 A = Turns spent in this place as a percentage of turns spent in the entire game.
 B = Non-inter-level travel turns spent in this place as a percentage of non-inter-level travel turns spent in the entire game.
 C = Inter-level travel turns spent in this place as a percentage of turns spent in this place.
 D = Turns resting spent in this place as a percentage of non-inter-level travel turns spent in this place.
 E = Turns spent auto-exploring this place as a percentage of non-inter-level travel turns spent in this place.
 F = Non-inter-level travel turns spent in this place divided by the number of levels of this place that you've seen.
                   A       B       C       D       E      F
               +-------+-------+-------+-------+-------+----------------------
         Total | 100.0 | 100.0 |   3.1 |   0.0 |   0.0 | 286.0
       Dungeon | 100.0 | 100.0 |   3.1 |   0.0 |   0.0 | 286.0
               +-------+-------+-------+-------+-------+----------------------

Table legend:
 A = Kills in this place as a percentage of kills in entire the game.
 B = Kills by you in this place as a percentage of kills by you in the entire game.
 C = Kills by friends in this place as a percentage of kills by friends in the entire game.
 D = Other kills in this place as a percentage of other kills in the entire game.
 E = Experience gained in this place as a percentage of experience gained in the entire game.
 F = Experience gained in this place divided by the number of levels of this place that you have seen.
                   A       B       C       D       E      F
               +-------+-------+-------+-------+-------+----------------------
         Total | 100.0 | 100.0 |   N/A |   N/A | 100.0 |  27.5
       Dungeon | 100.0 | 100.0 |   N/A |   N/A | 100.0 |  27.5
               +-------+-------+-------+-------+-------+----------------------

Vault maps used:
D:1:      onia_arrival_mini_spirals, kennysheep_another_room
D:2:      tso_altar, gammafunk_temple_overflow_forgotten
